 Dungeon Crawl Stone Soup version 0.31.0-12-g77e489cdc1 (webtiles) character file.

Game seed: 15860131749664765553

39178 spaghetti the Crack Shot (level 13, -1/73 HPs)
             Began as a Deep Elf Hunter on Feb 18, 2024.
             Was the Champion of Okawaru.
             Shot with a bolt by a yaktaur (21 damage)
             ... on level 15 of the Dungeon.
             The game lasted 00:18:59 (12505 turns).

spaghetti the Crack Shot (Deep Elf Hunter)         Turns: 12505, Time: 00:19:00

Health: -1/73      AC: 11    Str: 12    XL:     13   Next: 67%
Magic:  14/15      EV: 32    Int: 15    God:    Okawaru [******]
Gold:   1559       SH:  0    Dex: 24    Spells: 12/12 levels left

rFire   . . .        R - +8 longbow "Zephyr" {speed, Dex+3 SInv}
rCold   . . .        (shield currently unavailable)
rNeg    . . .        c - +0 leather armour
rPois   .            C - +0 mask of the Dragon {Will+ Slay+3 SInv}
rElec   .            y - +0 cloak
rCorr   .            r - +0 pair of gloves
SInv    +            v - +2 pair of boots
Will    ++...        h - amulet of magic regeneration
Stlth   ++++         g - +5 ring of evasion
HPRegen 0.32/turn    m - +4 ring of slaying
MPRegen 0.54/turn

%: no passive effects
@: heroic
A: horns 1, iridescent scales 1, strong 1
a: Renounce Religion, Heroism, Finesse, Duel, Receive Armour


You were on level 15 of the Dungeon.
You worshipped Okawaru.
Okawaru was exalted by your worship.
You visited 1 branch of the dungeon, and saw 15 of its levels.
You also visited: Bailey and Ice Cave.

You collected 1559 gold pieces.

Inventory:

Hand Weapons
 a - a +0 shortbow
 k - a +1 sling of draining
 s - the +9 sling of Destiny {freeze, *Slow Str+3 Int+4}
   (You found it on level 4 of the Dungeon)

   Str+3:     It affects your strength (+3).
   Int+4:     It affects your intelligence (+4).
   *Slow:     It may slow you when you take damage.
 N - a +1 double sword
 R - the +8 longbow "Zephyr" (weapon) {speed, Dex+3 SInv}
   (Okawaru gifted it to you on level 14 of the Dungeon)

   Dex+3:     It affects your dexterity (+3).
   SInv:      It lets you see invisible.
Missiles
 E - a throwing net
 J - 4 curare-tipped darts
Armour
 c - a +0 leather armour (worn)
 p - a +0 hat
 r - a +0 pair of gloves (worn)
 v - a +2 pair of boots (worn)
 y - a +0 cloak (worn)
 C - the +0 mask of the Dragon (worn) {Will+ Slay+3 SInv}
   (You found it in a bailey)

   Slay+3:    It affects your accuracy & damage with ranged weapons and melee
   (+3).
   Will+:     It increases your willpower.
   SInv:      It lets you see invisible.
 S - a +0 hat of willpower
Jewellery
 g - a +5 ring of evasion (left hand)
 h - an amulet of magic regeneration (around neck)
 m - a +4 ring of slaying (right hand)
 z - a +4 ring of protection
 B - a ring of flight
 M - a +6 ring of strength
Wands
 e - a wand of charming (22)
 l - a wand of flame (30)
 u - a wand of iceblast (45)
Scrolls
 b - a scroll of butterflies
 d - 11 scrolls of identify
 n - 4 scrolls of teleportation
 t - a scroll of immolation
 x - 2 scrolls of enchant weapon
 K - a scroll of enchant armour
 O - 2 scrolls of revelation
 Q - a scroll of poison
 T - a scroll of fear
Potions
 f - 2 potions of cancellation
 i - 5 potions of enlightenment
 j - 3 potions of ambrosia
 o - 2 potions of heal wounds
 q - 12 potions of degeneration
 w - 2 potions of curing
 A - a potion of invisibility
 D - a potion of might
 F - a potion of lignification
 G - 3 potions of resistance
 H - 2 potions of mutation
 I - a potion of magic
 L - a potion of attraction
 P - 4 potions of haste


   Skills:
 + Level 5.5(10.5) Fighting
 - Level 25.3(27) Ranged Weapons
 + Level 13.2(18.2) Dodging
 - Level 1.2(6.2) Stealth


You had 12 spell levels left.
You didn't know any spells.
Your spell library contained the following spells:

 Spells                   Type           Power      Damage    Failure   Level
 Lesser Beckoning         Tloc           0%         N/A       45%         2
 Static Discharge         Conj/Air       0%         3-3/arc   45%         2
 Dazzling Flash           Conj/Hex       0%         N/A       71%         3
 Fugue of the Fallen      Necr           0%         N/A       71%         3
 Gell's Gravitas          Tloc           0%         N/A       71%         3
 Inner Flame              Hex/Fire       0%         N/A       71%         3
 Ozocubu's Armour         Ice            0%         N/A       71%         3
 Swiftness                Air            0%         N/A       71%         3
 Teleport Other           Tloc           0%         N/A       71%         3
 Volatile Blastmotes      Fire/Tloc      0%         2d10      71%         3
 Airstrike                Air            0%         2d(0-16)  98%         4
 Manifold Assault         Tloc           0%         N/A       98%         4
 Plasma Beam              Fire/Air       0%         2x1d10    100%        6
 Starburst                Conj/Fire      0%         6d3       100%        6
 Maxwell's Capacitive Co  Air            0%         ∞         100%        8
 Summon Lightning Spire   Summ/Air       Unusable   N/A       N/A         4

Dungeon Overview and Level Annotations

Branches:
Dungeon (15/15)            Temple (0/1) D:5            Lair (0/5) D:8
    Orc (0/2) D:11         Vaults (0/5) D:14         Bailey (visited)
  IceCv (visited)
 Depths: D:15

Altars:
Ashenzari
Cheibriados
Elyvilon
Hepliaklqana
Kikubaaqudgha
Okawaru
Qazlal
Sif Muna
Vehumet
Zin

Shops:
D:1 :

Portals:
Trove: D:14 (give 8 potions of haste)

Annotations:
D:3 3 runed translucent doors, luckylaki's ghost, amateur SpGl
D:4 2 runed translucent doors, spaghetti's ghost, novice HuHu
D:6 1 runed translucent door, Crazy Yiuf
D:10 2 transporters


Innate Abilities, Weirdness & Mutations

You have a pair of small horns on your head.
You are partially covered in iridescent scales. (AC +2)
Your muscles are strong. (Str +4, Int/Dex -1)


Message History

Press: ? - help, Q - select action, (/) - cycle Shift-Dir - straight line, f/p - yaktaur
Aim: a yaktaur, wielding a +0 arbalest (severely wounded, 90% to hit)
You shoot an arrow. The arrow hits the yaktaur!
You kill the yaktaur!
Okawaru accepts your kill.
The yaktaur shoots a bolt.
The bolt barely misses you.
Fire: R) +8 longbow "Zephyr" {speed, Dex+3 SInv}
Press: ? - help, Q - select action, (/) - cycle Shift-Dir - straight line, f - yaktaur
Aim: a yaktaur (90% to hit)
You shoot an arrow. The arrow hits the yaktaur!!
The yaktaur is heavily wounded.
Fire: R) +8 longbow "Zephyr" {speed, Dex+3 SInv}
Press: ? - help, Q - select action, (/) - cycle Shift-Dir - straight line, f/p - yaktaur
Aim: a yaktaur (heavily wounded, 90% to hit)
You shoot an arrow. The arrow hits the yaktaur!!
The yaktaur is almost dead.
The yaktaur wields a +0 arbalest.
The yaktaur shoots a bolt.
The bolt hits you!
* * * LOW HITPOINT WARNING * * *
You gain the combat prowess of a mighty hero.
The yaktaur shoots a bolt.
The bolt completely misses you.
Fire: R) +8 longbow "Zephyr" {speed, Dex+3 SInv}
Press: ? - help, Q - select action, (/) - cycle Shift-Dir - straight line, f/p - yaktaur
Aim: a yaktaur, wielding a +0 arbalest (almost dead, 91% to hit)
You shoot an arrow. The arrow hits the yaktaur!!
You kill the yaktaur!
Okawaru accepts your kill.
Fire: R) +8 longbow "Zephyr" {speed, Dex+3 SInv}
Press: ? - help, Q - select action, (/) - cycle Shift-Dir - straight line, f - yaktaur
Aim: a yaktaur, wielding a +0 arbalest (91% to hit)
You shoot an arrow. The arrow hits the yaktaur!!!
The yaktaur is almost dead.
Fire: R) +8 longbow "Zephyr" {speed, Dex+3 SInv}
Press: ? - help, Q - select action, (/) - cycle Shift-Dir - straight line, f/p - yaktaur
Aim: a yaktaur, wielding a +0 arbalest (almost dead, 91% to hit)
You shoot an arrow. The arrow hits the yaktaur.
The yaktaur is almost dead.
A tengu warrior comes into view. It is wielding a +0 war axe.
The yaktaur shoots a bolt.
The bolt closely misses you.
The yaktaur shoots a bolt.
The bolt hits you!!
You die...

###### #.#.@# ###
###....##
#######.###.......#
#.##(...#.......)##
................c##
..#.###..Q......).##
.#..# ##..........[#
...### #......c.)..#
...................#


You could see a tengu warrior (wandering) and 2 yaktaurs.

Vanquished Creatures
  Rupert (D:15)
  Jorgrun (D:15)
  An ironbound preserver (D:14)
  3 hydras
  An ogre mage (D:15)
  A boulder beetle (D:14)
  A centaur warrior (D:15)
  3 two-headed ogres (D:15)
  4 death yaks (IceCv)
  Urug (D:11)
  A glowing orange brain (D:14)
  2 deep elf pyromancers (D:12)
  7 ugly things
  4 manticores
  An ice statue (IceCv)
  2 gargoyles
  6 rime drakes (IceCv)
  Maggie (D:7)
  An unseen horror (D:11)
  A freezing wraith (D:14)
  An efreet (D:12)
  4 yaktaurs (D:15)
  9 polar bears
  8 trolls
  3 centaur simulacra (D:12)
  3 wyverns
  28 yaks
  2 steam dragons
  A basilisk (D:14)
  A steam dragon (shapeshifter) (D:15)
  7 vampire mosquitoes
  Menkaure (D:7)
  Edmund (D:6)
  An acid dragon (D:11)
  3 water moccasins
  5 ice beasts
  2 sky beasts
  5 black bears
  A swamp drake (D:11)
  11 orc warriors
  4 ogres
  10 wolves
  3 centaurs
  A phantom (D:5)
  3 kobold brigands
  3 gnoll sergeants
  8 bullfrogs
  7 scorpions
  4 wights (D:8)
  13 killer bees
  2 howler monkeys
  4 jellies
  5 orc priests
  3 hounds
  2 sleepcaps (D:5)
  5 iguanas
  Ijyb (D:4)
  Terence (D:3)
  9 orc wizards
  7 adders
  14 gnolls
  12 white imps
  2 dart slugs
  3 ribbon worms
  45 orcs
  6 endoplasms
  4 giant cockroaches
  12 goblins
  6 hobgoblins
  3 jackals (D:4)
  28 kobolds
  5 quokkas
  12 ball pythons
  3 bats
  4 frilled lizards
  3 rats
397 creatures vanquished.

Notes
Turn   | Place    | Note
-------+----------+-------------------------------------------
     0 | D:1      | spaghetti the Deep Elf Hunter began the quest for the Orb.
     0 | D:1      | Reached XP level 1. HP: 12/12 MP: 3/3
   285 | D:1      | Found Cymedergh's Book Emporium.
   341 | D:1      | Reached skill level 6 in Ranged Weapons
   341 | D:1      | Reached XP level 2. HP: 16/16 MP: 4/4
   812 | D:2      | Reached XP level 3. HP: 20/20 MP: 5/5
   845 | D:2      | Reached skill level 7 in Ranged Weapons
  1055 | D:2      | Reached XP level 4. HP: 25/25 MP: 6/6
  1370 | D:3      | Found a faded altar of an unknown god.
  1450 | D:3      | Noticed Terence
  1462 | D:3      | Killed Terence
  1535 | D:3      | Reached skill level 8 in Ranged Weapons
  1693 | D:3      | Found a runed translucent gate.
  1694 | D:3      | Found a runed translucent gate.
  1694 | D:3      | Found a runed translucent gate.
  1694 | D:3      | Noticed luckylaki's ghost (amateur SpGl)
  1709 | D:3      | Noticed a kobold brigand
  2355 | D:4      | Found a runed translucent door.
  2368 | D:4      | Reached XP level 5. HP: 29/29 MP: 7/7
  2379 | D:4      | Found a runed translucent door.
  2380 | D:4      | Noticed spaghetti's ghost (novice HuHu)
  2386 | D:4      | Found an iron altar of Okawaru.
  2390 | D:4      | Reached skill level 9 in Ranged Weapons
  2394 | D:4      | Became a worshipper of Warmaster Okawaru
  2424 | D:4      | Reached XP level 6. HP: 33/34 MP: 8/8
  2449 | D:4      | Identified the +9 sling of Destiny {freeze, *Slow Str+3
                  | Int+4}
  2475 | D:4      | Reached skill level 10 in Ranged Weapons
  2521 | D:4      | Noticed Ijyb
  2525 | D:4      | Killed Ijyb
  2547 | D:4      | Found a white marble altar of Elyvilon.
  2578 | D:4      | Reached * piety under Okawaru
  2701 | D:4      | Reached skill level 11 in Ranged Weapons
  2701 | D:4      | Reached XP level 7. HP: 38/38 MP: 9/9
  2707 | D:4      | Gained mutation: You are partially covered in iridescent
                  | scales. (AC +2) [potion of mutation]
  2707 | D:4      | Gained mutation: Your muscles are strong. (Str +4, Int/Dex
                  | -1) [potion of mutation]
  2707 | D:4      | Gained mutation: You have a pair of small horns on your
                  | head. [potion of mutation]
  2970 | D:5      | Entered Level 5 of the Dungeon
  2980 | D:5      | Found a staircase to the Ecumenical Temple.
  3154 | D:5      | Reached skill level 12 in Ranged Weapons
  3534 | D:6      | Reached ** piety under Okawaru
  3535 | D:6      | Reached skill level 13 in Ranged Weapons
  3535 | D:6      | Reached XP level 8. HP: 43/43 MP: 10/10
  3663 | D:6      | Reached skill level 14 in Ranged Weapons
  3777 | D:6      | Noticed Edmund
  3781 | D:6      | Killed Edmund
  3930 | D:6      | Reached skill level 15 in Ranged Weapons
  4074 | D:6      | Found a broken altar of Ashenzari.
  4266 | D:6      | Found a runed translucent door.
  4267 | D:6      | Noticed Crazy Yiuf
  4297 | D:7      | Noticed Menkaure
  4299 | D:7      | Killed Menkaure
  4299 | D:7      | Reached *** piety under Okawaru
  4427 | D:7      | Reached XP level 9. HP: 47/47 MP: 11/11
  4717 | D:7      | Reached skill level 16 in Ranged Weapons
  4740 | D:7      | Noticed Maggie
  4756 | D:7      | Killed Maggie
  4762 | D:7      | Reached skill level 17 in Ranged Weapons
  5106 | D:7      | Reached **** piety under Okawaru
  5162 | D:7      | Found a hazy altar of Hepliaklqana.
  5169 | D:7      | Found a snail-covered altar of Cheibriados.
  5431 | D:8      | Found a flagged portal.
  5438 | D:8      | Reached skill level 18 in Ranged Weapons
  5445 | Bailey   | Entered a bailey
  5702 | Bailey   | Reached XP level 10. HP: 52/52 MP: 12/12
  5797 | Bailey   | Reached skill level 19 in Ranged Weapons
  6028 | Bailey   | Found the +0 mask of the Dragon {Will+ Slay+3 SInv}
  6191 | D:8      | Reached ***** piety under Okawaru
  6296 | D:8      | Found a staircase to the Lair.
  6302 | D:8      | Reached skill level 20 in Ranged Weapons
  6451 | D:8      | Found a glowing silver altar of Zin.
  6822 | D:8      | Found a shimmering blue altar of Sif Muna.
  6960 | D:9      | Received a gift from Okawaru
  6961 | D:9      | Reached skill level 21 in Ranged Weapons
  7027 | D:9      | You fall into a shaft and drop 1 floor!
  7027 | D:10     | Entered Level 10 of the Dungeon
  7069 | D:10     | Found a stormy altar of Qazlal.
  7106 | D:10     | Found an ancient bone altar of Kikubaaqudgha.
  7203 | D:10     | Reached XP level 11. HP: 47/56 MP: 13/13
  8007 | D:10     | Reached skill level 22 in Ranged Weapons
  8147 | D:10     | Found a transporter.
  8154 | D:10     | Found a transporter.
  8159 | D:10     | Noticed a deep elf pyromancer
  8159 | D:10     | Noticed a deep elf zephyrmancer
  8161 | D:10     | Found a radiant altar of Vehumet.
  8359 | D:10     | Received a gift from Okawaru
  8454 | D:11     | Noticed Urug
  8456 | Arena    | Entered the Arena
  8649 | D:11     | Killed Urug
  8661 | D:11     | Reached skill level 23 in Ranged Weapons
  9157 | D:11     | Found a staircase to the Orcish Mines.
  9443 | D:12     | Noticed a deep elf pyromancer
  9449 | D:12     | Killed a deep elf pyromancer
  9475 | D:12     | Noticed a deep elf pyromancer
  9477 | D:12     | Killed a deep elf pyromancer
  9478 | D:12     | Reached skill level 24 in Ranged Weapons
  9493 | D:12     | Received a gift from Okawaru
  9533 | D:12     | Reached XP level 12. HP: 59/61 MP: 14/14
  9827 | D:12     | Reached skill level 25 in Ranged Weapons
  9857 | D:12     | Found a frozen archway.
  9890 | IceCv    | Entered an ice cave
  9951 | IceCv    | Reached ****** piety under Okawaru
  9956 | IceCv    | HP: 3/61 [rime drake (3)]
 10090 | IceCv    | Noticed a death yak
 10097 | IceCv    | Killed a death yak
 10270 | IceCv    | Received a gift from Okawaru
 10281 | IceCv    | Reached skill level 5 in Dodging
 10567 | IceCv    | Noticed a death yak
 10576 | IceCv    | Killed a death yak
 10681 | IceCv    | Noticed a death yak
 10684 | IceCv    | Noticed a death yak
 10929 | IceCv    | Killed a death yak
 10934 | IceCv    | Killed a death yak
 11170 | IceCv    | Noticed a death yak
 11170 | IceCv    | Noticed a frost giant
 11472 | D:13     | Noticed a four-headed hydra
 11480 | D:13     | Killed a four-headed hydra
 11491 | D:13     | Got the Almanac of the Incendiary Zephyr
 11521 | D:13     | Reached skill level 10 in Dodging
 11656 | D:14     | Acquired the +8 longbow "Zephyr" {speed, Dex+3 SInv}
 11656 | D:14     | Received a gift from Okawaru
 11656 | D:14     | Found the +8 longbow "Zephyr" {speed, Dex+3 SInv}
 11690 | D:14     | Noticed a boulder beetle
 11700 | D:14     | Killed a boulder beetle
 11700 | D:14     | Received a gift from Okawaru
 11739 | D:14     | Reached XP level 13. HP: 65/65 MP: 15/15
 12082 | D:14     | Noticed an ironbound preserver
 12089 | D:14     | Killed an ironbound preserver
 12090 | D:14     | Found a gate to the Vaults.
 12159 | D:14     | Found a portal to a secret trove of treasure.
 12321 | D:15     | Entered Level 15 of the Dungeon
 12342 | D:15     | Noticed Rupert
 12351 | D:15     | Killed Rupert
 12351 | D:15     | Received a gift from Okawaru
 12396 | D:15     | Reached skill level 5 in Fighting
 12488 | D:15     | Noticed Jorgrun
 12497 | D:15     | Killed Jorgrun
 12497 | D:15     | Received a gift from Okawaru
 12505 | D:15     | Shot with a bolt by a yaktaur

Illustrated notes

Levels and vault maps discovered:
D:1:      ncdulo_wetmaze, layout_loops_corners, serial_shops,
          nicolae_square_shop
D:2:      layout_rooms, serial_rivers, chequers_serial_rivers_large_b,
          chequers_serial_rivers_micro_c, chequers_serial_rivers_room_a,
          chequers_serial_rivers_small_3, chequers_serial_rivers_micro_b,
          chequers_serial_rivers_micro_c, minmay_cupped
D:3:      layout_basic, gammafunk_ghost_nasty_kobolds, serial_forest,
          infiniplex_forest_lined_room_2, infiniplex_forest_straight_2,
          infiniplex_forest_diagonal, infiniplex_forest_lined_2,
          infiniplex_forest_lined_ring, infiniplex_forest_corner_1,
          infiniplex_forest_corner_2, infiniplex_forest_straight_3,
          infiniplex_forest_split,
          hellmonk_ecumenical_altar_pennies_from_heaven, uniq_terence
D:4:      layout_basic, elyvilon_altar_3, mainiacjoe_overflow_small_starburst,
          ebering_ghost_sewer_f, minmay_checkerbox, uniq_ijyb
D:5:      layout_basic, minmay_temple_entry_arrows
D:6:      layout_loops_ring, lemuel_tele_altar, minmay_diced_spiral,
          uniq_edmund, uniq_crazy_yiuf_cottage
D:7:      layout_basic, jmf_multi_god_temple2, uniq_menkaure, uniq_maggie
D:8:      layout_cave_pools, nicolae_sif_muna_little_library,
          old_standard_altar, due_lair_maze_entry_diamond, enter_bailey_5,
          minivault_21, nicolae_lava_and_water, kennysheep_diamond,
          minmay_misc_feat_hallway
D:9:      layout_basic
D:10:     layout_gridville, gammafunk_temple_overflow_arena, kennysheep_mini,
          mainiacjoe_overflow_six_doors_small, nrook_campfire
D:11:     layout_rooms, erik_orc_1, uniq_urug
D:12:     layout_cave_pools, serial_ice, serial_ice_b, serial_ice_a,
          serial_ice_l, serial_ice_h, serial_ice_c, serial_ice_m, serial_ice_e,
          serial_ice_g, serial_ice_o, serial_ice_d,
          portal_ice_cave_entry_pillars_2
D:13:     layout_small_grid, special_room [special_room_orc], uniq_lodul
D:14:     layout_roguey, hellmonk_vaults_order_and_chaos, enter_trove_2
D:15:     grunt_enter_depths_hoard, layout_cave_pools, minmay_strange_pillars,
          uniq_jorgrun, uniq_rupert

Skill      XL: |  1  2  3  4  5  6  7  8  9 10 11 12 13 |
---------------+----------------------------------------+-----
Ranged Weapons | 6 7 8 9 11 13 15 18 21 24 25 | 25.3
Dodging        | 10 13 | 13.2
Fighting       | 5 |  5.5
Stealth        | |  1.2

Action                     |  1- 3 |  4- 6 |  7- 9 | 10-12 | 13-15 || total
---------------------------+-------+-------+-------+-------+-------++-------
   Fire: Shortbow          |    66 |       |       |       |       ||    66
         Sling             |    21 |   112 |   201 |   588 |       ||   922
         Longbow           |       |       |       |    17 |   120 ||   137
 Invoke: Heroism           |       |       |     1 |     3 |     2 ||     6
         Duel              |       |       |       |     1 |       ||     1
         Finesse           |       |       |       |     1 |       ||     1
         Receive Weapon    |       |       |       |     1 |       ||     1
    Use: Scroll            |     6 |       |     3 |    12 |     1 ||    22
         Potion            |       |     1 |     7 |     4 |     1 ||    13
 Armour: Leather armour    |     4 |     8 |    16 |    98 |     8 ||   134
  Dodge: Dodged            |    16 |    20 |    20 |   172 |    32 ||   260
